Map: Shrines of Lizul

Players

TheDolph - Winner!

  • Race: Terran Terran
  • Spawn Location: 9:00

WEREUGO - Winner!

  • Race: Protoss Protoss
  • League: Gold
  • Spawn Location: 6:00

Throwfordays

  • Race: Protoss Protoss
  • League: Silver
  • Spawn Location: 3:00

Cthulhu

  • Race: Protoss Protoss
  • Spawn Location: 12:00

VOD

Have the link to the VOD?

Description

Time

  • Played on: March 31, 2019, 9:20 p.m.
  • Length: 11:24
Show
View Real Time Build Order
Export as new Build Order

TheDolph Terran - Winner!

Build Orders:  

Get SALT Encoding   

  12  0:00  SCV  
  13  0:13  SCV  
  14  0:18  Supply Depot  
  14  0:25  SCV  
  15  0:40  SCV  
  16  0:43  Barracks  
  16  0:51  Refinery  
  16  0:52  SCV  
  17  0:57  Refinery  
  17  1:04  SCV  
  18  1:16  SCV  
  19  1:28  Barracks  
  19  1:30  Supply Depot  
  19  1:32  SCV  
  20  1:37  Reaper  
  21  1:44  SCV  
  22  1:56  SCV  
  23  2:02  Barracks  
  23  2:09  Reaper  
  24  2:17  Reaper  
  24  2:21  Orbital Command  
  25  2:28  Supply Depot  
  25  2:41  Reaper  
  26  2:49  Reaper x2  
  28  2:54  Supply Depot  
  28  3:13  Reaper  
  28  3:21  Reaper x2  
  30  3:50  Reaper  
  30  3:53  Reaper x2  
  31  4:22  Reaper  
  30  4:25  Reaper x2  
  29  4:54  Reaper  
  29  4:57  Reaper x2  
  31  5:19  Command Center  
  31  5:26  Reaper  
  32  5:31  Reaper x2  
  32  6:19  SCV  
  33  6:30  Marine x3  
  33  6:31  SCV  
  34  6:39  Factory x2  
  34  6:40  Factory  
  34  6:41  Orbital Command  
  34  6:43  SCV  
  35  6:48  Marine  
  36  6:56  SCV  
  36  7:08  SCV  
  37  7:17  Marine x2  
  37  7:18  Marine  
  32  7:35  Marine x3, Factory Tech Lab x3  
  35  7:40  SCV, Starport  
  35  7:41  Starport  
  35  7:42  SCV  
  35  7:43  Starport  
  36  7:45  Refinery  
  36  7:47  Refinery  
  36  7:52  SCV  
  36  7:53  Marine x3  
  36  7:54  SCV  
  41  8:02  Cyclone x3  
  50  8:06  SCV  
  50  8:11  Marine x3, SCV  
  55  8:18  SCV  
  56  8:23  SCV  
  57  8:29  Marine x2, Starport Reactor  
  57  8:30  SCV, Starport Reactor  
  57  8:31  Starport Reactor  
  57  8:32  Marine  
  61  8:39  Supply Depot  
  61  8:42  Supply Depot x2, SCV  
  61  8:43  Supply Depot x2  
  61  8:44  Supply Depot  
  62  9:01  SCV x2  
  62  9:02  Barracks Reactor, Barracks Tech Lab  
  64  9:06  Barracks Reactor  
  64  9:13  SCV x2  
  66  9:25  Viking x4  
  66  9:26  Viking x2  
  66  9:28  Marine  
  79  9:31  SCV  
  79  9:38  SCV  
  81  9:41  Marine  
  81  9:42  Marine x3  
  81  9:43  SCV  
  86  9:47  Command Center  
  86  9:50  SCV  
  86  9:52  Marine  
  88  9:55  Viking x2  
  88  9:56  Viking x3  
  88  9:59  Marine  
  98  10:00  Marine x2  
  86  10:35  Marine x3  
  87  10:36  Marine x2  
  87  10:38  Viking  
  87  10:39  Command Center  
  93  10:46  SCV  
  94  10:53  Marine x2  
  94  10:54  Viking x3  
  102  10:57  Supply Depot  
  102  10:59  Supply Depot  
  102  11:09  SCV  
Show
View Real Time Build Order
Export as new Build Order

WEREUGO Protoss - Winner!

Build Orders: 1 Gate Expand 

Get SALT Encoding   

  12  0:02  Probe  
  13  0:14  Probe  
  14  0:22  Pylon  
  14  0:26  Probe  
  15  0:40  Probe  
  15  0:41  Gateway  
  16  0:52  Probe  
  17  1:04  Probe  
  18  1:18  Nexus  
  18  1:20  Probe  
  19  1:36  Cybernetics Core  
  19  1:37  Probe  
  20  1:40  Assimilator  
  20  1:46  Zealot  
  22  1:54  Assimilator  
  22  1:55  Probe  
  23  2:21  Pylon  
  23  2:27  Probe  
  23  2:30  Probe  
  23  2:35  Probe  
  25  2:42  Probe  
  27  2:44  Probe  
  27  2:50  Robotics Facility  
  28  2:56  Probe  
  28  2:58  Robotics Facility  
  29  3:06  Probe  
  29  3:07  Probe  
  29  3:11  Warp Gate  
  31  3:14  Probe  
  31  3:16  Probe  
  33  3:23  Probe  
  33  3:24  Probe  
  34  3:32  Pylon  
  34  3:33  Pylon  
  35  3:35  Pylon, Probe  
  35  3:36  Probe  
  37  3:46  Immortal  
  37  3:47  Probe  
  42  3:48  Probe  
  42  3:51  Immortal  
  47  3:57  Assimilator  
  47  3:59  Assimilator  
  47  4:00  Probe  
  47  4:01  Probe  
  49  4:11  Robotics Facility  
  49  4:19  Robotics Facility  
  49  4:22  Pylon  
  49  4:37  Immortal x2  
  49  4:41  Probe  
  58  4:53  Probe  
  58  4:58  Immortal  
  63  5:11  Immortal  
  63  5:13  Pylon  
  63  5:14  Pylon  
  63  5:15  Pylon  
  63  5:16  Pylon, Immortal  
  63  5:17  Immortal  
  75  5:30  Stalker, Immortal  
  81  5:49  Immortal  
  85  6:01  Immortal  
  89  6:07  Pylon  
  89  6:08  Pylon x2  
  89  6:13  Pylon  
  89  6:17  Immortal  
  93  6:22  Stalker  
  95  6:34  Gateway  
  95  6:37  Gateway x2  
  83  7:16  Immortal x3  
  83  7:17  Immortal  
  81  7:45  Immortal x2  
  81  7:46  Immortal x2  
  73  8:09  Stalker x4  
  81  8:20  Pylon  
  81  8:22  Twilight Council  
  81  8:37  Nexus  
  81  8:40  Stalker x2  
  85  8:48  Stalker x2  
  89  8:57  Observer x2  
  90  9:33  Stalker x4  
  98  9:48  Assimilator  
  98  9:51  Assimilator  
  98  9:57  Stalker x2  
  98  9:58  Stalker x2  
  106  10:09  Probe  
  107  10:23  Probe  
  107  10:27  Stalker x3  
  107  10:28  Stalker  
Show
View Real Time Build Order
Export as new Build Order

Throwfordays Protoss 

Build Orders: Nexus First 

Get SALT Encoding   

  12  0:01  Probe  
  13  0:13  Probe  
  14  0:21  Pylon  
  14  0:25  Probe  
  15  0:36  Probe  
  16  0:44  Probe  
  17  1:03  Nexus  
  17  1:08  Pylon  
  17  1:14  Assimilator  
  17  1:24  Gateway  
  17  1:31  Probe  
  18  1:43  Probe  
  19  1:50  Forge  
  19  1:55  Probe  
  20  2:02  Assimilator  
  20  2:13  Probe  
  20  2:14  Probe  
  20  2:21  Probe  
  20  2:22  Probe  
  24  2:30  Probe  
  24  2:31  Probe  
  26  2:38  Pylon  
  26  2:42  Probe  
  26  2:43  Probe  
  28  2:50  Pylon  
  28  2:54  Probe  
  28  2:55  Probe  
  30  2:58  Photon Cannon  
  30  3:03  Photon Cannon  
  30  3:07  Probe  
  30  3:09  Photon Cannon  
  30  3:11  Photon Cannon  
  31  3:18  Probe  
  31  3:19  Probe  
  33  3:28  Photon Cannon  
  33  3:30  Probe  
  33  3:31  Probe  
  33  3:32  Photon Cannon  
  35  3:36  Pylon  
  35  3:43  Photon Cannon  
  35  3:46  Photon Cannon  
  35  3:53  Cybernetics Core  
  35  4:03  Photon Cannon  
  35  4:06  Photon Cannon  
  35  4:09  Assimilator  
  35  4:11  Photon Cannon  
  35  4:14  Assimilator  
  35  4:16  Zealot  
  37  4:37  Photon Cannon  
  37  4:46  Probe  
  37  4:50  Stargate, Warp Gate  
  38  4:55  Protoss Shields Level 1, Cybernetics Core  
  38  4:58  Twilight Council, Probe  
  39  5:00  Twilight Council  
  39  5:03  Stargate  
  39  5:05  Stargate  
  39  5:09  Adept  
  39  5:11  Probe  
  40  5:29  Probe  
  40  5:32  Probe  
  41  5:38  Void Ray  
  41  5:41  Probe  
  46  5:48  Void Ray  
  50  5:53  Probe  
  49  6:10  Protoss Air Weapons Level 1  
  49  6:15  Photon Cannon  
  49  6:30  Probe  
  50  6:36  Void Ray  
  50  6:39  Void Ray  
  50  6:41  Void Ray  
  50  6:42  Probe  
  63  6:54  Probe  
  64  7:17  Stalker  
  62  8:09  Pylon  
  62  8:13  Pylon  
  62  8:14  Pylon  
  62  8:20  Pylon  
  62  8:22  Pylon  
  62  8:25  Pylon  
  62  8:27  Pylon  
  62  8:29  Pylon  
  62  8:31  Nexus, Void Ray x2, Pylon  
  62  8:32  Void Ray  
  62  8:33  Pylon  
  74  8:36  Pylon  
  74  8:37  Pylon  
  74  8:40  Pylon, Stargate  
  74  8:42  Pylon  
  74  8:44  Protoss Shields Level 2  
  74  8:47  Pylon  
  74  8:52  Fleet Beacon  
  74  8:57  Assimilator, Protoss Air Armor Level 1  
  74  8:59  Assimilator  
  74  9:02  Pylon  
  74  9:06  Pylon  
  74  9:07  Stargate  
  74  9:10  Stargate  
  74  9:23  Probe  
  75  9:25  Probe  
  76  9:35  Probe  
  76  9:37  Void Ray, Probe  
  76  9:38  Void Ray  
  86  9:47  Nexus, Probe  
  86  9:49  Pylon, Probe  
  88  9:53  Pylon, Probe  
  88  9:55  Assimilator  
  88  9:58  Assimilator  
  89  10:01  Probe  
  89  10:04  Probe  
  89  10:06  Probe  
  92  10:10  Probe  
  85  10:15  Void Ray  
  85  10:16  Probe  
  85  10:18  Probe  
  79  10:22  Probe  
  79  10:27  Void Ray  
  79  10:28  Probe  
  81  10:30  Probe  
  81  10:34  Probe  
  75  10:37  Void Ray  
  75  10:41  Void Ray  
  83  10:43  Probe  
  84  10:51  Probe  
  85  11:01  Probe  
Show
View Real Time Build Order
Export as new Build Order

Cthulhu Protoss 

Build Orders:  

Get SALT Encoding   

  12  0:01  Probe  
  13  0:13  Probe  
  14  0:27  Pylon  
  14  0:29  Probe  
  15  0:45  Probe  
  16  0:50  Gateway  
  16  0:53  Assimilator  
  16  0:57  Probe  
  17  1:09  Probe  
  18  1:21  Probe  
  18  1:25  Pylon  
  19  1:36  Probe  
  20  1:46  Zealot  
  22  1:49  Probe  
  22  1:54  Nexus  
  23  2:03  Probe  
  23  2:21  Zealot  
  25  2:23  Forge  
  25  2:40  Cybernetics Core  
  25  2:46  Pylon  
  25  2:58  Assimilator  
  25  2:59  Zealot  
  25  3:01  Pylon  
  27  3:17  Stalker  
  26  3:40  Photon Cannon  
  24  3:43  Photon Cannon  
  22  4:02  Stalker  
  4  4:25  Probe  
  4  4:30  Photon Cannon  
  5  4:34  Probe  
  4  4:42  Probe  
  6  4:52  Probe  
  4  5:23  Probe  
  5  5:29  Stalker  
  5  5:31  Probe  
  8  5:47  Probe  
  9  6:06  Probe  
  9  6:09  Probe  
  10  6:14  Probe  
  10  6:17  Probe  
  12  6:24  Probe  
  13  6:31  Probe  
  14  6:39  Probe  
  3  7:14  Probe  
  1  7:43  Probe  
  2  7:51  Probe  
  3  8:11  Probe  
  4  8:19  Probe  
  5  8:27  Probe  
  6  8:40  Probe  
  7  9:36  Probe  
  8  9:39  Gateway  
  8  9:48  Probe  
  9  10:00  Probe  
  10  10:33  Probe  
  10  10:34  Zealot  
  13  10:44  Probe  
  14  10:52  Probe  
  15  10:57  Nexus  
Tags
 
Add a new tag
Caveats
  • Supply blocks, unpowered buildings, or Contaminate may cause inaccurate times.
  • Supply counts are checked every 10 seconds.